Cogmind - Beta 15 *** ADVENTURER MODE // 2025.06.16 @ 21:46:28 Player: NED1124 Result: Destroyed by H-55 Commando with Gauss Rifle Performance ------------- Evolutions (2) 1000 Regions Visited (4) 800 Robots Destroyed (13) 65 Value Destroyed (326) 326 Prototype IDs (0) 0 Alien Tech Used (0) 0 Bonus (0) 0 TOTAL SCORE: 2191 Bonus ------- None Cogmind --------- Core Integrity 0/550 Matter 289/300 Energy 35/100 System Corruption 0% Temperature Cool (27) Movement Core (150) Ox2 Location -8/Materials Parts ------- > --- POWER (1) -------- (None) > --- PROPULSION (3) --- (None) > --- UTILITY (5) ------ (None) > --- WEAPON (2) ------- Heavy Ion Cannon > --- INVENTORY (5) ---- Light Ion Engine Light Assault Rifle Light Assault Rifle Peak State ------------ > --- POWER ------------ Light Ion Engine > --- PROPULSION ------- Wheel Compact Wheel Compact Wheel > --- UTILITY ---------- Small Storage Unit Improved Sensor Array Terrain Scan Processor Seismic Detector Reactive Plating > --- WEAPON ----------- Small Laser Light Assault Rifle > --- INVENTORY -------- Light Ion Engine Light Ion Engine Light Ion Engine Heavy Ion Cannon Light Assault Rifle Light Assault Rifle Grenade Launcher Mining Laser [Rating: 17] Favorites ----------- Power Light Ion Engine Engine Light Ion Engine Propulsion Compact Wheel Leg Aluminum Leg Wheel Compact Wheel Utility Small Storage Unit Device Seismic Detector Storage Small Storage Unit Processor Terrain Scan Processor Protection Light Armor Plating Weapon Small Laser Energy Gun Small Laser Energy Cannon Heavy Ion Cannon Ballistic Gun Light Assault Rifle Special Weapon Mining Laser Build | -11 -10 -10 -9 -8 ------- Run | Yrd Mat Min Mat Mat Slots Evolved 4 | . . . 2 2 Power . | . . . . . Propulsion 1 | . . . 1 . Utility 3 | . . . 1 2 Weapon . | . . . . . Parts Attached 28 | 6 2 10 3 7 Power 8 | 1 1 3 2 1 Engine 8 | 1 1 3 2 1 Core . | . . . . . Reactor . | . . . . . Propulsion 5 | 2 . 3 . . Treads . | . . . . . Leg 2 | 2 . . . . Wheel 3 | . . 3 . . Hover . | . . . . . Flight . | . . . . . Utility 7 | 1 1 1 1 3 Device 3 | . 1 . 1 1 Storage 1 | 1 . . . . Processor 1 | . . . . 1 Hackware . | . . . . . Protection 2 | . . 1 . 1 Artifact . | . . . . . Weapon 8 | 2 . 3 . 3 Energy Gun 2 | 1 . 1 . . Energy Cannon 1 | . . . . 1 Ballistic Gun 4 | 1 . 1 . 2 Ballistic Cannon . | . . . . . Launcher . | . . . . . Special Weapon 1 | . . 1 . . Impact Weapon . | . . . . . Slashing Weapon . | . . . . . Piercing Weapon . | . . . . . Special Melee Weapon . | . . . . . Unidentified Prototypes . | . . . . . Parts Lost 17 | . 1 4 . 12 Power 4 | . 1 1 . 2 Propulsion 4 | . . 1 . 3 Utility 6 | . . 1 . 5 Weapon 3 | . . 1 . 2 Highest Loss Streak 10 | . 1 2 . 10 To Critical Strikes 1 | . . 1 . . Average Backups 6 | 1 4 7 6 6 Power 2 | . 1 2 3 2 Propulsion . | . . 1 . . Utility . | . . . . . Weapon 3 | . 2 3 3 3 Tool/Special . | . . . . . Unused Backups 7 | . . 2 1 4 Power 3 | . . 1 . 2 Propulsion 1 | . . 1 . . Utility 1 | . . . . 1 Weapon 2 | . . . 1 1 Tool/Special . | . . . . . Average Slot Usage (%) 91 | . 94 94 99 74 Engine 12 | . 13 13 11 8 Leg 9 | . 28 11 . . Wheel 15 | . . 12 33 20 Device 6 | . 9 2 10 10 Storage 12 | . 14 14 11 6 Processor 1 | . . . . 6 Protection 8 | . . 11 11 6 Energy Gun 12 | . 14 14 11 7 Ballistic Gun 12 | . 14 13 11 8 Peak Build Rating 17 | 6 8 8 9 17 Average Rating 8 | 4 6 7 8 11 On Entrance 6 | . 6 8 7 9 Naked Turns . | . . . . . Heaviest Build 22 | 11 12 15 16 22 Greatest Support 42 | 20 20 26 42 42 Greatest Overweight (x) 3 | 3 . 1 . 1 Average Overweight (x) . | . . . . . Largest Inventory Capacity 8 | 8 8 8 8 8 Average Capacity 7 | 7 8 8 8 7 Most Carried 8 | 2 8 8 8 8 Average Carried 6 | 1 4 7 6 6 Final Capacity 8 | 8 8 8 8 5 Final Carried 8 | 2 8 8 8 3 Class Distribution -------------------- 70% | Mutant 29% | Scavenger-Mutant Dominant Class ---------------- Mutant | -10/Materials Mutant | -10/Mines Scavenger-Mutant | -9/Materials Scavenger-Mutant | -8/Materials Resources | -11 -10 -10 -9 -8 ----------- Run | Yrd Mat Min Mat Mat Matter Collected 573 | 217 94 165 47 50 Remotely . | . . . . . Salvage Created 438 | . 106 204 30 98 Parts 25 | . 7 10 5 3 Haulers Intercepted . | . . . . . Recyclers Shooed . | . . . . . Parts Field Recycled . | . . . . . Retrieved Matter . | . . . . . Parts Self-Destructed . | . . . . . Prevented . | . . . . . Kills | -11 -10 -10 -9 -8 ------- Run | Yrd Mat Min Mat Mat Combat Hostiles Destroyed 20 | . 4 12 2 2 Guns 20 | . 4 12 2 2 Classes Destroyed 3 | . 2 1 . . Swarmer 7 | . 2 3 2 . Grunt 6 | . 2 2 . 2 Assembled 7 | . . 7 . . Best Kill Streak 4 | . 2 4 2 2 Combat Bots Only 4 | . 2 4 2 2 Max Kills in Single Turn 2 | . 1 2 1 1 Gunslinging . | . . . . . Exploded . | . . . . . Melee . | . . . . . Uniques/NPCs Destroyed . | . . . . . Combat | -11 -10 -10 -9 -8 -------- Run | Yrd Mat Min Mat Mat Hostile Shots Fired 245 | . 29 55 21 140 Missed 60 | . 10 14 8 28 Hits 185 | . 19 41 13 112 Melee 19 | . . 19 . . Projectile 166 | . 19 22 13 112 Critical Strikes 7 | . . 1 . 6 Damage Taken 2137 | . 137 576 77 1347 Core 627 | . 33 29 11 554 Absorbed by Shields . | . . . . . Ignored by Resistances 632 | . 46 163 26 397 Core Remaining (%) 90 | 100 . 75 97 . Volleys Fired 77 | . 12 24 3 38 Largest 2 | . 2 2 2 2 Hottest 65 | . 60 60 60 65 Shots Fired 143 | . 24 45 6 68 Gun 136 | . 24 45 6 61 Cannon 7 | . . . . 7 Launcher . | . . . . . Special . | . . . . . Kinetic 67 | . 12 21 3 31 Thermal 76 | . 12 24 3 37 Explosive . | . . . . . Electromagnetic . | . . . . . Robot Hit Streak 13 | . 4 7 3 13 Robot Miss Streak 3 | . 3 1 1 1 Penetration Max . | . . . . . Secondary Targets 4 | . 1 1 1 1 Max Gunslinging Chain 1 | . 1 1 1 1 Shots Hit Robots 97 | . 14 32 4 47 Core Hits 37 | . 7 18 3 9 Critical Kills . | . . . . . Critical Parts Destroyed 2 | . . 1 . 1 Critical Strikes 2 | . . 1 . 1 Destroy 2 | . . 1 . 1 Melee Attacks . | . . . . . Impact . | . . . . . Slashing . | . . . . . Piercing . | . . . . . Sneak Attacks . | . . . . . Combat Hostiles . | . . . . . Follow-up Attacks . | . . . . . Damage Inflicted 1194 | . 155 374 44 621 Guns 991 | . 155 372 32 432 Cannons 189 | . . . . 189 Explosions . | . . . . . Melee . | . . . . . Ramming 14 | . . 2 12 . Kinetic 478 | . 89 181 21 187 Thermal 702 | . 66 191 11 434 Explosive . | . . . . . Electromagnetic . | . . . . . Impact . | . . . . . Slashing . | . . . . . Piercing . | . . . . . Highest Corruption 5 | . . 5 . . Average Corruption 4 | . . 4 . . Corruption Purged . | . . . . . Corruption Blocked . | . . . . . Effects 16 | . . 16 . . Message Errors 5 | . . 5 . . Matter Fused 5 | . . 5 . . Energy Discharges 2 | . . 2 . . Data Loss (minor) 1 | . . 1 . . Data Loss (major) 1 | . . 1 . . Alerts 1 | . . 1 . . Weapon Failures 1 | . . 1 . . Overload Shots . | . . . . . Overflow Damage . | . . . . . Projectiles . | . . . . . Explosions . | . . . . . Melee . | . . . . . Knockbacks . | . . . . . Impact . | . . . . . Kinetic . | . . . . . Secondary . | . . . . . Self-Inflicted Damage 6 | . . . 6 . Shots . | . . . . . Rammed 1 | . . . 1 . Targets Rammed 2 | . . 1 1 . Kicked 1 | . . 1 . . Crushed . | . . . . . Highest Temperature 392 | . 37 71 20 392 Average Temperature 88 | . 19 21 15 133 Received Heat Transfer 927 | . 54 27 . 846 Siege Activations . | . . . . . Martial Activations . | . . . . . Shielding Activations . | . . . . . Robots Disrupted . | . . . . . Combat Hostiles . | . . . . . Robots Corrupted . | . . . . . Combat Hostiles . | . . . . . Parts Fried . | . . . . . Impact Corruptions . | . . . . . Robots Melted . | . . . . . Combat Hostiles . | . . . . . Parts Melted 1 | . 1 . . . Heat Transferred 1434 | . 150 450 25 809 Parts Sabotaged . | . . . . . Parts Stolen . | . . . . . Parts Stripped . | . . . . . Power Chain Reactions . | . . . . . Alert | -11 -10 -10 -9 -8 ------- Run | Yrd Mat Min Mat Mat Maximum Alert Level . | . . . . . Low Security (%) 100 | 100 100 100 100 100 Level 1 . | . . . . . Level 2 . | . . . . . Level 3 . | . . . . . Level 4 . | . . . . . Level 5 . | . . . . . High Security . | . . . . . Max Security . | . . . . . Peak Influence 70 | . 40 70 50 40 Initial 9 | . . 9 6 . Average 7 | . 9 7 8 6 Influence Increases 341 | . 90 120 50 81 Destroy 0b10 Robot/C 260 | . 80 100 40 40 Destroy Leader 50 | . 10 20 10 10 Successful Hack 16 | . . . . 16 Lose Combat Pursuer 15 | . . . . 15 Influence Decreases 341 | . 60 130 70 81 Entered New Map 35 | . . 21 14 . Time Decay 251 | . 50 99 56 46 Lost Part 55 | . 10 10 . 35 Squads Dispatched 4 | . . . 1 3 Investigation 1 | . . . . 1 Extermination . | . . . . . Reinforcement 3 | . . . 1 2 Assault . | . . . . . Garrison . | . . . . . Intercept . | . . . . . Searches Triggered . | . . . . . Construction Impeded . | . . . . . Haulers Reinforced . | . . . . . Active Scanning Responses . | . . . . . Cargo Convoy Interrupts . | . . . . . Stealth | -11 -10 -10 -9 -8 --------- Run | Yrd Mat Min Mat Mat Distress Signals 2 | . 1 . . 1 Communications Jammed . | . . . . . Distress Signals . | . . . . . Times Spotted 45 | . 7 14 8 16 Peak Tracking Total 11 | . 3 6 6 11 Tactical Retreats 2 | . . 1 . 1 Traps | -11 -10 -10 -9 -8 ------- Run | Yrd Mat Min Mat Mat Traps Triggered 2 | . . . 1 1 Indirectly . | . . . . . Trap Hack Attempts . | . . . . . Triggered . | . . . . . Disarmed . | . . . . . Reprogrammed . | . . . . . Reused . | . . . . . Traps Extracted . | . . . . . Installed . | . . . . . Triggered . | . . . . . Machines | -11 -10 -10 -9 -8 ---------- Run | Yrd Mat Min Mat Mat Machines Disabled . | . . . . . Max in Single Turn . | . . . . . Machines Repaired . | . . . . . Machines Dismantled . | . . . . . Machines Sabotaged . | . . . . . Overloaded Fab Kills . | . . . . . Hacking | -11 -10 -10 -9 -8 --------- Run | Yrd Mat Min Mat Mat Machines Accessed 3 | . 1 . . 2 Terminals 3 | . 1 . . 2 Fabricators . | . . . . . Repair Stations . | . . . . . Recycling Units . | . . . . . Scanalyzers . | . . . . . Garrison Access . | . . . . . Total Hacks 5 | . 1 . . 4 Successful 3 | . 1 . . 2 Failed 2 | . . . . 2 Catastrophic . | . . . . . Database Lockouts . | . . . . . Manual . | . . . . . Terminals 5 | . 1 . . 4 Fabricators . | . . . . . Repair Stations . | . . . . . Recycling Units . | . . . . . Scanalyzers . | . . . . . Garrison Access . | . . . . . Terminal Hacks 3 | . 1 . . 2 Emergency Access Points 1 | . 1 . . . Zone Layout 2 | . . . . 2 Fabricator Hacks . | . . . . . Repair Station Hacks . | . . . . . Recycling Unit Hacks . | . . . . . Scanalyzer . | . . . . . Garrison Access Hacks . | . . . . . Unauthorized Hacks . | . . . . . Terminals . | . . . . . Fabricators . | . . . . . Repair Stations . | . . . . . Recycling Units . | . . . . . Scanalyzers . | . . . . . Garrison Access . | . . . . . Data Cores Recovered . | . . . . . Used . | . . . . . Hacking Detections 2 | . 1 . . 1 Full Trace Events . | . . . . . Feedback Events . | . . . . . Feedback Blocked . | . . . . . Robot Schematics Acquired . | . . . . . Robots Built . | . . . . . Authchips . | . . . . . Time . | . . . . . Total Robot Build Rating . | . . . . . Part Schematics Acquired . | . . . . . Parts Built . | . . . . . Authchips . | . . . . . Time . | . . . . . Total Part Build Rating . | . . . . . Parts Repaired . | . . . . . Time . | . . . . . Parts Recycled . | . . . . . Recycled Matter . | . . . . . Retrieved Matter . | . . . . . Retrieved Components . | . . . . . Parts Scanalyzed . | . . . . . Part Schematics Acquired . | . . . . . Parts Damaged . | . . . . . Bothacking | -11 -10 -10 -9 -8 ------------ Run | Yrd Mat Min Mat Mat Used RIF Installer . | . . . . . Robots Hacked . | . . . . . Non-combat . | . . . . . Combat . | . . . . . Robot Hacks Applied . | . . . . . Relay Couplers Released . | . . . . . Fabnet Peak Effective % . | . . . . . Robots Rewired . | . . . . . Allies Hacked . | . . . . . Hacks Repelled . | . . . . . Allies | -11 -10 -10 -9 -8 -------- Run | Yrd Mat Min Mat Mat Total Allies . | . . . . . Largest Group . | . . . . . Highest-Rated Group . | . . . . . Highest-Rated Ally . | . . . . . Total Orders . | . . . . . Ally Attacks . | . . . . . Total Damage . | . . . . . Kills . | . . . . . Allies Corrupted . | . . . . . Allies Melted . | . . . . . Intel | -11 -10 -10 -9 -8 ------- Run | Yrd Mat Min Mat Mat Active Infowar (turns) 801 | . 165 130 292 214 Sensors 153 | . . . . 153 Structural 295 | . 165 130 . . Seismic 478 | . . . 292 186 Robot Analysis Total . | . . . . . Derelict Logs Recovered 2 | . . 2 . . Drone Launches . | . . . . . Drone Recoveries . | . . . . . Exploration | -11 -10 -10 -9 -8 ------------- Run | Yrd Mat Min Mat Mat Turns Passed 1657 | 90 236 753 293 285 Spaces Moved 1306 | 71 159 575 296 205 Core 89 | 28 . . . 61 Treads . | . . . . . Legs 433 | 43 159 231 . . Wheels 784 | . . 344 296 144 Hover . | . . . . . Flight . | . . . . . Fastest Speed 50 | 50 120 90 93 50 Average Speed 105 | 112 120 115 93 85 Slowest Speed 200 | 200 120 190 93 100 Overloaded Moves . | . . . . . Propulsion Burnouts . | . . . . . Robots Hopped . | . . . . . Potential Cave-ins . | . . . . . Cave-ins Triggered . | . . . . . Exploration Rate (%) 30 | 5 28 89 13 18 Regions Visited 4 Branch Regions 1 Pre-discovered Areas . | . . . . . Known Exits Taken 1 | . . 1 . . Unknown Exits Taken 3 | 1 1 . 1 . Scrap Searched . | . . . . . Spaces Dug . | . . . . . Terrain Destroyed . | . . . . . Melee . | . . . . . Projectile . | . . . . . AOE . | . . . . . Terrain Rammed . | . . . . . Walls Destroyed . | . . . . . Machines Disabled . | . . . . . Actions | -11 -10 -10 -9 -8 --------- Run | Yrd Mat Min Mat Mat Total 1439 | 78 179 619 309 254 Wait . | . . . . . Move 1302 | 70 158 574 295 205 Hop . | . . . . . Pick Up 18 | 2 7 4 3 2 Fast Attach 12 | 6 1 3 . 2 Attach 9 | . 1 3 2 3 Detach . | . . . . . Swap 8 | . . 4 2 2 Drop 11 | . . 6 3 2 Fire 77 | . 12 24 3 38 Melee . | . . . . . Ram 1 | . . . 1 . Kick 1 | . . 1 . . Crush . | . . . . . Escape Stasis . | . . . . . Rewire . | . . . . . Trap . | . . . . . Miscellaneous . | . . . . . Route ------- -11/Scrapyard -10/Materials (discovered 2 exits: [*Min] / [Sub]) -10/Mines -9/Materials -8/Materials History --------- Turn | Location | Event 25 | -11/Scrapyard | Discovered new exit (range 15) 91 | -11/Scrapyard | Entered Materials 204 | -10/Materials | Discovered new exit (range 10) 307 | -10/Materials | Build established: Mutant 318 | -10/Materials | Discovered new exit (range 7) 327 | -10/Materials | Entered Mines 328 | -10/Mines | Assembled infested the area 780 | -10/Mines | Learned 4 Materials zone layouts 866 | -10/Mines | Identified exit to Materials 1029 | -10/Mines | Received a Rocket Launcher from a helpful Derelict 1080 | -10/Mines | Entered Materials 1080 | -9/Materials | Evolved 2 slots: Propulsion x1, Utility x1 1369 | -9/Materials | Discovered new exit (range 4) 1373 | -9/Materials | Entered another Materials area 1373 | -8/Materials | Evolved 2 slots: Utility x2 1394 | -8/Materials | Build established: Scavenger-Mutant 1630 | -8/Materials | Lost 10 parts (1p3n5u1w) 1634 | -8/Materials | Core integrity fell below 50% 1644 | -8/Materials | Core integrity fell below 20% 1658 | -8/Materials | Destroyed by H-55 Commando with Gauss Rifle Last Messages --------------- 01608_ R-06 Scavenger collects Aluminum Leg. 01626_ G-47 Trooper destroyed. 01633_ Critical hit (Burn: +37). 01636_ Penetrated by Slug. 01636_ Lgt. Assault Rifle destroyed. 01637_ Penetrated by Slug. 01645_ Slug penetrates K-01 Serf. 01646_ Penetrated by Slug. 01648_ K-01 Serf destroyed. 01648_ K-01 Serf collects debris. 01649_ Penetrated by Slug. 01649_ Lgt. Ion Engine destroyed. 01651_ K-01 Serf collects debris. 01652_ Penetrated by Slug. 01653_ R-06 Scavenger collects Wheel. 01654_ Penetrated by Slug. 01654_ K-01 Serf collects debris. 01655_ Penetrated by Slug. 01657_ R-06 Scavenger collects Wheel. 01658_ Penetrated by Slug. Map ----- +----------------------------------------------------+ | ?????????????????????????????????????????????????? | | ?????????????????????????????????????????????????? | | ?????????????????????????????????????????????????? | | ?????????????????????????????????????????????????? | | ?????????????????????????????????????????????????? | | ?????????????????????????????????????????????????? | | ?????????????????????????????????????????????????? | | ?????????????????????????????????????????????????? | | ?????????????????????????????????????????????????? | | ?????????????????????????????????????????????????? | | ??????????????????????? ??????????????????????? | | ??????????????????????# ??????????????????????? | | ??????????????????????a ??????????????????????? | | ??????????????????????# ??????????????????????? | | ??????????????????????# u ??????????????????????? | | ??????????????????????# ??????????????????????? | | ??????????????????????# ??????????????????????? | | ??????????????????????# ??????????????????????? | | ??????????????????????# Y??????????????????????? | | ??????????????????????# #??????????????????????? | | ????????????????####### #??????????????????????? | | ????????????????? #??????????????????????? | | ??????????????????? #??????????????????????? | | ????????????????????? #??????????????????????? | | ??????????????????????#k h#??????????????????????? | | ??????????????????????#kr@#??????????????????????? | | ??????????????????????#u #??????????????????????? | | ??????????????????????#! #??????????????????????? | | ??????????????????????#h #??????????????????????? | | ??????????????????????+ #??????????????????????? | | ??????????????????????# #??????????????????????? | | ??????????????????????# #??????????????????????? | | ??????????????????????# #??????????????????????? | | ??????????????????????# #??????????????????????? | | ??????????????????????# w#??????????????????????? | | ??????????????????????# #??????????????????????? | | ??????????????????????# g #??????????????????????? | | ??????????????????????# #??????????????????????? | | ??????????????????????# g #####??????????????????? | | ??????????????????????# gY#] ??????????????????? | | ??????????????????????# g # "??????????????????? | | ??????????????????????# # ?? #??????????????? | | ??????????????????????# # """ #??????????????? | | ??????????????????????# # * ##?????????????? | | ??????????????????????# # #?????????????? | | ??????????????????????# # """ #??????????????? | | ??????????????????????# # """ ! #??????????????? | | ??????????????????????# # """ #??????????????? | | ??????????????????????# # #??????????????? | | ??????????????????????# # [ #??????????????? | +----------------------------------------------------+ Best States ------------- Heat Dissipation 31 Energy Generation 10 Energy Capacity 250 Matter Stores 300 Matter Capacity 300 Sight Range 16 Robot Scan Range 15 Terrain Scan Density 85 Armor Coverage 150 Resistance: KI 40 Resistance: TH 20 Resistance: EX 20 Resistance: EM 20 Resistance: I 20 Resistance: S 20 Resistance: P 20 Evasion (%) 55 Offensive Hacking 10 Item Schematics ----------------- None Robot Schematics ------------------ None Fabricated ------------ Nothing Repaired ---------- Nothing Alien Tech Used ----------------- None Achievements -------------- None Challenges ------------ None Game ------ Seed AssembledDeepFalx Manual? 0 Play Time 00:17:59 Cumulative 40.6 hours Start 2025.06.16 @ 21:29:26 End 2025.06.16 @ 21:46:28 Sessions 1 Manual Loads 0 Difficulty Adventurer Special Mode None Game No. 88 Rogue 0 Adventurer 27 Explorer 61 Win Type - Total 0 Types 0/0/0/0/0/0/0/0/0/0 Lore% 4 Gallery% 23 Achievement% 24 Wizard Run 0 Options --------- Layout 1 ASCII 0 Keyboard 1 Movement Arrows Keybinds 0 Fullscreen 1 Font 16/SmallcapsGlow Map View 55x38 Zoom Use 0% Tactical HUD 1 Map Filters NONE Filters NONE Steam 1 RUN: 42b3b006-08bb-462b-bc81-05d006919c79